Map: Submarine LE

Players

Reynor - Winner!

  • Race: Zerg Zerg
  • Spawn Location: 5:00

Rogue

  • Race: Zerg Zerg
  • Spawn Location: 11:00

Event: ASUS ROG Online 2020

VOD

Have the link to the VOD?

Description

Time

  • Played on: Nov. 29, 2020, 6:53 a.m.
  • Length: 11:05

All games in this series

Show
View Real Time Build Order
Export as new Build Order

Reynor Zerg - Winner!

Build Orders: Hatch First 

Get SALT Encoding   

  12  0:00  Drone  
  13  0:12  Overlord  
  13  0:16  Drone  
  14  0:30  Drone x2  
  16  0:47  Hatchery  
  15  0:50  Drone  
  15  0:54  Drone  
  17  1:08  Spawning Pool  
  17  1:10  Drone  
  17  1:12  Extractor  
  17  1:15  Drone  
  17  1:19  Drone  
  18  1:27  Drone  
  19  1:39  Drone  
  20  1:49  Overlord  
  20  1:55  Queen  
  20  1:59  Queen  
  20  2:00  Drone  
  20  2:01  Drone  
  26  2:11  Zergling x2  
  26  2:12  Drone  
  26  2:14  Metabolic Boost  
  28  2:21  Drone  
  28  2:22  Drone  
  30  2:33  Hatchery  
  30  2:35  Drone  
  30  2:38  Drone  
  31  2:46  Drone  
  31  2:48  Baneling Nest  
  31  2:49  Drone  
  32  2:53  Overlord  
  32  2:56  Drone  
  32  3:07  Drone  
  32  3:08  Drone x2  
  32  3:11  Drone  
  36  3:12  Overlord  
  36  3:15  Queen  
  36  3:17  Zergling x2  
  36  3:19  Zergling x2  
  40  3:24  Zergling x2, Evolution Chamber  
  40  3:26  Zergling x2  
  41  3:29  Zergling x2  
  41  3:31  Zergling x2  
  43  3:35  Baneling  
  43  3:36  Baneling  
  43  3:37  Zergling x4  
  43  3:38  Zergling x2  
  46  3:43  Zergling x4  
  46  3:45  Zergling x2  
  50  3:48  Zergling x4  
  50  3:53  Queen  
  48  4:00  Zergling x4  
  48  4:01  Zergling x4  
  48  4:02  Baneling  
  51  4:07  Drone  
  51  4:09  Drone  
  53  4:11  Drone  
  53  4:15  Drone  
  53  4:16  Overlord  
  55  4:19  Drone  
  55  4:22  Baneling  
  56  4:26  Drone  
  56  4:27  Drone  
  58  4:31  Roach Warren  
  58  4:32  Drone  
  58  4:38  Extractor  
  57  4:42  Zergling x10, Spine Crawler  
  57  4:44  Overlord  
  61  4:47  Baneling x2  
  61  4:48  Baneling  
  61  4:49  Zergling x2  
  61  4:52  Zergling x2  
  62  4:55  Zergling x2  
  62  4:59  Zergling x2  
  64  5:00  Baneling x2  
  64  5:02  Zergling x8  
  66  5:11  Zergling x8  
  68  5:20  Roach  
  68  5:24  Overlord  
  66  5:28  Baneling  
  66  5:29  Baneling x5  
  64  5:37  Roach x2  
  64  5:42  Overlord  
  68  5:44  Roach  
  68  5:45  Queen  
  68  5:49  Zergling x2, Roach x2  
  70  6:01  Roach x2  
  63  6:06  Zergling x2, Roach, Queen  
  57  6:15  Roach  
  57  6:16  Roach  
  49  6:26  Roach x2  
  51  6:38  Roach x2  
  53  6:41  Queen  
  53  6:47  Drone  
  56  6:48  Drone  
  56  6:52  Evolution Chamber  
  56  6:56  Evolution Chamber  
  56  6:59  Evolution Chamber  
  56  7:00  Roach x2  
  59  7:08  Drone  
  59  7:09  Lair, Drone  
  59  7:13  Drone x2  
  62  7:17  Roach  
  62  7:19  Drone  
  65  7:23  Roach  
  65  7:27  Roach  
  65  7:29  Drone  
  70  7:32  Roach  
  72  7:40  Drone x2  
  72  7:43  Drone x3  
  77  7:48  Zerg Missile Weapons Level 1  
  77  7:50  Drone  
  78  7:52  Drone  
  78  7:54  Drone  
  80  7:58  Overlord  
  80  8:01  Drone  
  80  8:02  Extractor  
  80  8:03  Drone  
  80  8:05  Drone  
  82  8:06  Drone  
  83  8:13  Glial Reconstitution  
  83  8:15  Overlord  
  83  8:17  Drone  
  84  8:21  Extractor  
  83  8:28  Drone  
  83  8:32  Hatchery  
  83  8:35  Overseer  
  83  8:37  Roach x3  
  89  8:44  Roach  
  91  8:55  Overlord  
  91  9:04  Overlord  
  91  9:06  Drone  
  92  9:13  Overlord  
  92  9:15  Roach x4  
  96  9:26  Roach x5  
  96  9:29  Roach  
  94  9:32  Roach x3  
  94  9:38  Roach x3  
  92  9:41  Roach  
  92  9:44  Ravager x3  
  95  9:50  Roach  
  99  9:57  Roach  
  97  10:01  Roach x2  
  99  10:11  Roach x4  
  99  10:14  Roach  
  109  10:28  Roach x2  
  97  10:36  Roach x2  
  97  10:40  Roach x5  
Show
View Real Time Build Order
Export as new Build Order

Rogue Zerg 

Build Orders: Hatch First 

Get SALT Encoding   

  12  0:00  Drone  
  13  0:12  Overlord  
  13  0:17  Drone  
  14  0:30  Drone  
  14  0:31  Drone  
  16  0:47  Hatchery  
  15  0:50  Drone  
  15  0:54  Drone  
  17  0:57  Drone  
  18  1:08  Extractor  
  17  1:12  Spawning Pool  
  17  1:15  Drone  
  17  1:18  Drone  
  18  1:28  Drone  
  19  1:38  Drone  
  20  1:50  Drone  
  21  2:00  Queen x2  
  25  2:01  Drone  
  25  2:02  Overlord  
  25  2:08  Metabolic Boost  
  26  2:11  Drone x2  
  28  2:22  Drone x2  
  30  2:33  Hatchery  
  30  2:35  Zergling x2  
  30  2:40  Drone  
  30  2:43  Zergling x2  
  32  2:45  Overlord  
  32  2:50  Baneling Nest  
  31  2:55  Zergling x4  
  33  3:09  Zergling x12  
  33  3:10  Zergling x2  
  40  3:15  Zergling x2  
  40  3:18  Roach Warren  
  40  3:19  Zergling x2  
  42  3:23  Overlord  
  42  3:41  Overlord  
  38  4:01  Roach x5  
  38  4:02  Roach x4  
  52  4:04  Roach  
  52  4:07  Roach  
  56  4:10  Zergling x2  
  56  4:11  Zergling x2  
  56  4:14  Zergling x2  
  59  4:18  Zergling x2  
  59  4:19  Zergling x2  
  59  4:23  Zergling x4  
  63  4:28  Roach  
  65  4:39  Ravager  
  65  4:42  Overlord  
  66  4:54  Overlord  
  65  5:03  Zergling x18  
  74  5:13  Zergling x2  
  74  5:14  Zergling x2  
  72  5:15  Zergling x4  
  72  5:20  Zergling x8  
  78  5:23  Zergling x2  
  79  5:30  Zergling x2  
  79  5:31  Zergling x2  
  79  5:36  Zergling x2  
  79  5:42  Zergling x2  
  81  5:45  Ravager  
  81  5:47  Ravager  
  81  5:48  Overlord  
  79  6:03  Roach x3  
  57  6:06  Zergling x4  
  57  6:07  Zergling x2  
  57  6:08  Zergling x2  
  48  6:12  Zergling x2  
  48  6:15  Zergling x2  
  45  6:18  Zergling x2  
  45  6:21  Zergling x2  
  35  6:37  Zergling x2  
  35  6:44  Zergling x4  
  35  6:46  Zergling x2  
  38  6:52  Zergling x4  
  40  6:59  Zergling x2  
  40  7:00  Zergling x2  
  43  7:01  Ravager  
  43  7:03  Zergling x2  
  43  7:09  Drone x2  
  43  7:14  Drone  
  43  7:15  Drone  
  47  7:18  Drone  
  47  7:21  Drone  
  49  7:26  Drone x2  
  51  7:31  Drone  
  51  7:32  Drone  
  53  7:37  Drone x2  
  55  7:44  Drone x2  
  55  7:45  Drone  
  58  7:53  Overlord  
  58  7:57  Extractor, Drone x3  
  60  8:04  Roach  
  60  8:05  Roach  
  64  8:09  Roach  
  66  8:13  Overlord  
  66  8:18  Roach  
  68  8:21  Queen  
  68  8:24  Roach  
  72  8:29  Roach  
  72  8:31  Zergling x10  
  72  8:33  Roach  
  81  8:39  Roach  
  82  8:43  Roach  
  82  8:47  Overlord  
  84  8:49  Roach  
  84  8:51  Zergling x2  
  84  8:52  Zergling x2  
  84  8:53  Zergling x2  
  84  8:55  Overlord  
  89  9:07  Zergling x10  
  94  9:10  Zergling x2  
  94  9:15  Roach  
  94  9:16  Roach x2  
  101  9:17  Zergling x2  
  101  9:22  Zergling x2  
  101  9:23  Zergling x2  
  95  9:26  Zergling x2  
  95  9:29  Zergling x4  
  95  9:30  Zergling x2  
  95  9:31  Zergling x2  
  88  9:35  Zergling x2  
  88  9:37  Zergling x2  
  85  9:42  Ravager x2  
  85  9:45  Zergling x8  
  91  9:46  Zergling x2  
  91  9:48  Zergling x2  
  91  9:55  Zergling x2  
  89  10:02  Ravager x2, Evolution Chamber  
  89  10:03  Zergling x8  
  89  10:05  Zergling x2  
  95  10:09  Zergling x2  
  95  10:13  Zergling x4  
  96  10:18  Ravager  
  96  10:21  Zergling x4  
  98  10:25  Zergling x2  
  98  10:26  Zergling x4  
  98  10:28  Zergling x2  
  90  10:30  Zergling x2  
  90  10:33  Zergling x4  
  84  10:39  Roach  
  84  10:42  Roach x2  
  76  10:45  Roach  
Tags
 
Add a new tag
Caveats
  • Supply blocks, unpowered buildings, or Contaminate may cause inaccurate times.
  • Supply counts are checked every 10 seconds.